 Dungeon Sprint DCSS version 0.30.1-11-g7821555f0a (webtiles) character file.

Game seed: 12895655262320721772

2849 Groucho the Imperceptible (level 9, 0/48 HPs)
             Began as a Felid Berserker on Dec 8, 2023.
             Was the Champion of Trog.
             Killed from afar by a hell hog (48 damage)
             ... with a fireball
             ... in the Dungeon (Sprint II: "The Violet Keep of Menkaure").
             The game lasted 00:11:34 (1250 turns).

Groucho the Imperceptible (Felid Berserker)         Turns: 1250, Time: 00:11:35

Health: 0/48       AC:  2    Str: 15    XL:     9   Next: 46%
Magic:  10/10      EV: 25    Int:  9    God:    Trog [******]
Gold:   505        SH:  0    Dex: 16    Spells: 8/8 levels left
                                        Lives:  0   Deaths: 2

rFire   . .          .
                       - Unarmed
rCold   . . .        (shield unavailable)
rNeg    . . .        (body armour unavailable)
rPois   .            (helmet unavailable)
rElec   .            (cloak unavailable)
rCorr   .            (gloves unavailable)
SInv    +            (boots unavailable)
Will    +....        (no amulet)
Stlth   ++++++++     e - ring of flight
HPRegen 0.28/turn    (no ring)
MPRegen 0.12/turn

%: no teleportation
@: flying, quick
A: very small, claws 1, fangs 3, see invisible, speed 1, shaggy fur 2, stealthy
paws, no weapons or thrown items, no armour, multi-lived, weak 1, subdued magic
1
a: Renounce Religion, Berserk, Trog's Hand, Brothers in Arms


You were in the Dungeon.
You worshipped Trog.
Trog was exalted by your worship.
You visited 1 branch You collected 1324 gold pieces.
You spent 819 gold pieces at shops.

Inventory:

Jewellery
 e - a ring of flight (left paw)
Scrolls
 f - a scroll of magic mapping {unknown}
 i - 2 scrolls of identify {unknown}
 j - 3 scrolls of torment {unknown}
Potions
 a - a potion of curing
 b - 3 potions of resistance {unknown}
 c - a potion of haste
 d - 2 potions of magic
 g - 3 potions of flight {unknown}
 h - a potion of degeneration
 k - a potion of brilliance {unknown}


   Skills:
 - Level 11.1 Fighting
 - Level 12.1 Dodging
 + Level 21.6 Stealth
 + Level 17.3 Unarmed Combat


You had 8 spell levels left.
You didn't know any spells.
Your spell library was empty.

Dungeon Overview and Level Annotations

Branches:
Dungeon (1/1)

Altars:
Cheibriados
Dithmenos
Elyvilon
Fedhas
Gozag
Hepliaklqana
Kikubaaqudgha
Makhleb
Nemelex Xobeh
Okawaru
Qazlal
Ru
Sif Muna
Trog
Uskayaw
Vehumet
Wu Jian
Xom
Yredelemnul
Zin
The Shining One
Jiyva
Lugonu

Shops:
D :?(?[==[([!?:[!

Annotations:
D exclusions: obsidian statue and oklob plant, Gloorx Vloq


Innate Abilities, Weirdness & Mutations

You have sharp claws.
You have razor-sharp teeth.
You have supernaturally acute eyesight. (SInv)
You cover ground quickly. (Speed+)
You are covered in thick fur. (AC +2)
Your paws help you pounce on unaware monsters.
You are incapable of wielding weapons or throwing items.
You cannot wear armour.
You gain extra lives every three experience levels.
You are weak. (Str -2)
Your spells are a little easier to cast, but a little less powerful.


Message History

f - a scroll labelled BAPECZEBRIPH You see here a +0 plate armour.
You see here a stone.
You reach down and open the door.
There is an open door here.
You pounce on the unaware helpless kraken!
You eviscerate the kraken!!!!! You bite the kraken, but do no damage.
The kraken is almost dead.
Tentacles burst out of the water! 4 tentacles come into view.
You claw the kraken!
You kill the kraken!
Trog accepts your kill.
The dead kraken's tentacles slide back into the water.
You hear a splash.
Your Stealth skill increases to level 21!
Your Unarmed Combat skill increases to level 17!
Welcome back to level 9!
Unknown command.
Unknown command.
There is an open door here.
You see here a +0 club.
j - 3 scrolls labelled LUUPRAA COTZ You now have 494 gold pieces (gained 9).
You see here a +0 robe.
You see here 11 gold pieces.
The hell hog squeals angrily.
You see here a +0 antimagic whip.
You see here 7 stones.
k - a murky puce potion You see here 4 boomerangs.
i - 2 scrolls labelled WIETIRR XUETS (gained 1)
You see here 7 stones.
You see here a +0 antimagic whip.
You see here 11 gold pieces.
You now have 505 gold pieces (gained 11).
The hell hog breathes fire at you.
The fireball explodes!
The fireball engulfs you!!!
Ouch! That really hurt!
You die...

$# ▓▓M▓▓▓▓. ## +°°G▓0..
.### #..°▓▓▓▓▓▓▓▓▓▓
.hH###.°.▓§≈≈§§≈≈≈▓▓
HYH#†##:°▓▓▓▓▓▓▓▓▓▓▓
.xx#..#|°▓!$(!!=.(▓▓
##h#..#:[▓?((?!)(.▓▓
.+†##.#=[▓$($$$[).▓▓
.#...####▓[$!$[!@.▓▓
###..##.#▓!!!)($h)▓▓
†.'..#..#▓?)!")[..▓▓
††#..#)÷#▓!$:?)?.[▓▓
###..##.#▓?)??([)(▓▓
.###§..##▓▓▓▓▓▓▓'▓▓▓▓+▓
.§.~~~~~~~~~~~~~...≈≈≈▓
.§.~#'########+###.≈≈≈▓
~..~#.._._._.#S~~##≈≈≈▓


You could see a hell hog (catching breath).

Vanquished Creatures
  A deep elf master archer (D)
  A kraken (D)
  A crystal guardian (D)
  A hell hog (D)
  2 death drakes (D)
  A merfolk siren (D)
  A yaktaur (D)
  3 polar bears (D)
  A hornet (D)
  3 slime creatures (D)
  3 wyverns (D)
  4 neqoxecs (D)
  Menkaure (D)
  2 swamp drakes (D)
  3 black bears (D)
  4 necrophages (D)
  A hell rat (D)
  2 spectral adders (D)
  3 worms (D)
38 creatures vanquished.

Vanquished Creatures (others)
  A golden eye (D)
  A water moccasin (D)
  4 tentacles (D)
6 creatures vanquished.

Grand Total: 44 creatures vanquished

Notes
Turn   | Place    | Note
-------+----------+-------------------------------------------
     0 | D        | Groucho the Felid Berserker began the quest for the Orb.
     0 | D        | Reached XP level 1. HP: 10/10 MP: 2/2
     1 | D        | Noticed a necrophage
     1 | D        | Noticed a necrophage
     1 | D        | Noticed a necrophage
     1 | D        | Noticed a necrophage
     6 | D        | Killed a necrophage
     7 | D        | Reached skill level 7 in Stealth
     7 | D        | Reached XP level 2. HP: 14/14 MP: 3/3
     7 | D        | Reached XP level 3. HP: 17/17 MP: 4/4
    10 | D        | Killed a necrophage
    11 | D        | Reached skill level 9 in Stealth
    11 | D        | Reached XP level 4. HP: 21/21 MP: 5/5
    13 | D        | Killed a necrophage
    13 | D        | Reached ** piety under Trog
    14 | D        | Reached skill level 10 in Stealth
    14 | D        | Reached XP level 5. HP: 24/24 MP: 6/6
    16 | D        | Reached skill level 10 in Unarmed Combat
    16 | D        | Reached skill level 5 in Dodging
   277 | D        | Noticed a merfolk siren
   280 | D        | Noticed a neqoxec
   282 | D        | Gained mutation: You are weak. (Str -2) [a neqoxec]
   286 | D        | Gained mutation: Your spells are a little easier to cast,
                  | but a little less powerful. [a neqoxec]
   289 | D        | Killed a neqoxec
   290 | D        | Gained mutation: You are covered in thick fur. (AC +2)
                  | [Felid growth]
   290 | D        | Reached XP level 6. HP: 29/33 MP: 7/7
   290 | D        | Noticed a neqoxec
   293 | D        | Killed a neqoxec
   294 | D        | Reached XP level 7. HP: 35/37 MP: 8/8
   294 | D        | Noticed a neqoxec
   294 | D        | Noticed a neqoxec
   298 | D        | Killed a neqoxec
   298 | D        | Reached *** piety under Trog
   300 | D        | Killed a neqoxec
   301 | D        | Reached skill level 11 in Stealth
   454 | D        | Reached **** piety under Trog
   469 | D        | Killed a merfolk siren
   470 | D        | Reached skill level 12 in Stealth
   470 | D        | Reached XP level 8. HP: 39/42 MP: 9/9
   496 | D        | Found Guejuimu's Jewellery Shoppe.
   496 | D        | Found Dount's Distillery.
   496 | D        | Found Atemooclu's Book Shoppe.
   496 | D        | Found Qaumun's Jewellery Emporium.
   496 | D        | Found Fiva's Distillery.
   496 | D        | Found Teet's Antique Armour Emporium.
   497 | D        | Found Vuutross's Armour Emporium.
   497 | D        | Found Zic Vad's Weapon Shoppe.
   497 | D        | Found Vyumnus's Antique Armour Emporium.
   497 | D        | Found Obiv's Magic Scroll Emporium.
   498 | D        | Found Uliwn's Antique Weapon Shoppe.
   498 | D        | Found Beses's Magic Scroll Shoppe.
   498 | D        | Found Gyucogge's Antique Armour Emporium.
   498 | D        | Found Kinutiem's Magic Scroll Emporium.
   498 | D        | Noticed Menkaure
   498 | D        | Noticed a shining eye
   498 | D        | Noticed a shining eye
   510 | D        | Killed Menkaure
   511 | D        | Reached skill level 10 in Dodging
   759 | D        | Noticed a shining eye
   759 | D        | Noticed an oklob plant
   760 | D        | Found Deamuoq's Book Shoppe.
   771 | D        | Noticed a cane toad
   791 | D        | Bought a ring of flight for 192 gold pieces
   793 | D        | Bought a potion of invisibility for 112 gold pieces
   793 | D        | Bought 2 potions of haste for 280 gold pieces
   793 | D        | Bought a potion of heal wounds for 70 gold pieces
   793 | D        | Bought a potion of heal wounds for 70 gold pieces
   793 | D        | Bought a potion of curing for 42 gold pieces
   793 | D        | Bought a potion of curing for 42 gold pieces
   797 | D        | Bought a potion of degeneration for 11 gold pieces
   809 | D        | Reached ***** piety under Trog
   834 | D        | Found a hazy altar of Hepliaklqana.
   834 | D        | Found a snail-covered altar of Cheibriados.
   835 | D        | Found a stormy altar of Qazlal.
   835 | D        | Found a viscous altar of Jiyva.
   835 | D        | Found a shadowy altar of Dithmenos.
   836 | D        | Found a sacrificial altar of Ru.
   836 | D        | Found an ancient bone altar of Kikubaaqudgha.
   836 | D        | Found a white marble altar of Elyvilon.
   837 | D        | Found an ornate altar of the Wu Jian Council.
   837 | D        | Found a shimmering blue altar of Sif Muna.
   837 | D        | Found a corrupted altar of Lugonu.
   837 | D        | Found a blossoming altar of Fedhas.
   839 | D        | Found a shimmering altar of Xom.
   839 | D        | Found a bloodstained altar of Trog.
   839 | D        | Found a burning altar of Makhleb.
   840 | D        | Found a glowing golden altar of the Shining One.
   840 | D        | Found a basalt altar of Yredelemnul.
   840 | D        | Found a hide-covered altar of Uskayaw.
   841 | D        | Found a glowing silver altar of Zin.
   842 | D        | Noticed a yaktaur
   842 | D        | Noticed a hornet
   842 | D        | Noticed a polar bear
   843 | D        | Noticed a polar bear
   843 | D        | Noticed a polar bear
   850 | D        | Killed a polar bear
   851 | D        | Reached skill level 10 in Fighting
   851 | D        | Reached skill level 13 in Stealth
   853 | D        | Killed a polar bear
   855 | D        | Killed a hornet
   859 | D        | Killed a yaktaur
   860 | D        | Reached skill level 14 in Stealth
   860 | D        | Reached XP level 9. HP: 35/47 MP: 10/10
   863 | D        | Killed a polar bear
  1063 | D        | Noticed a death drake
  1071 | D        | Killed a death drake
  1072 | D        | Reached skill level 17 in Stealth
  1073 | D        | Noticed a death drake
  1073 | D        | Noticed a crystal guardian
  1077 | D        | Killed a crystal guardian
  1078 | D        | Reached skill level 19 in Stealth
  1079 | D        | Killed a death drake
  1079 | D        | Reached ****** piety under Trog
  1080 | D        | Reached skill level 20 in Stealth
  1080 | D        | Reached XP level 10. HP: 52/52 MP: 11/11
  1106 | D        | Noticed a deep elf master archer
  1121 | D        | Killed a deep elf master archer
  1138 | D        | Found a radiant altar of Vehumet.
  1140 | D        | Found a sparkling altar of Nemelex Xobeh.
  1141 | D        | Found an opulent altar of Gozag.
  1141 | D        | Found an iron altar of Okawaru.
  1148 | D        | Noticed an obsidian statue
  1178 | D        | Noticed a manticore
  1178 | D        | Noticed a manticore
  1178 | D        | Noticed a manticore
  1178 | D        | Noticed a hell hog
  1179 | D        | Noticed a hell hog
  1180 | D        | Killed a hell hog
  1207 | D        | Killed from afar by a hell hog
  1208 | D        | Reached XP level 9. HP: -18/48 MP: 10/10
  1208 | D        | Noticed a curse toe
  1208 | D        | Noticed Gloorx Vloq
  1208 | D        | Noticed a vampire knight
  1208 | D        | Noticed a royal mummy
  1211 | D        | Succumbed to poison (dark miasma)
  1212 | D        | Reached XP level 8. HP: -5/45 MP: 9/9
  1218 | D        | Noticed a kraken
  1228 | D        | Killed a kraken
  1229 | D        | Reached skill level 21 in Stealth
  1229 | D        | Reached XP level 9. HP: 48/48 MP: 10/10
  1250 | D        | Killed from afar by a hell hog

Illustrated notes

Levels and vault maps discovered:
D:        the_violet_keep_of_menkaure [sprint2_stairs_cluster_1,
          sprint2_shoproom, sprint2_temple, sprint2_basic_supplies,
          sprint2_obstacle_4, sprint2_obstacle_3, sprint2_obstacle_1,
          sprint2_obstacle_2, sprint2_obstacle_6, sprint2_timed_cluster_1,
          sprint2_smallroom_cluster_1, sprint2_smallroom_final_cluster_1,
          sprint2_transparent_cluster_1, sprint2_second_timed_cluster_1,
          sprint2_sniper_area_1, sprint2_heavy_combat_area_1,
          sprint2_mutation_trap_area_1, sprint2_forest_area_1,
          sprint2_light_combat_area_1, sprint2_behind_water_1,
          sprint2_near_end_vault_1]

Skill      XL: |  1  2  3  4  5  6  7  8  9 10 |
---------------+-------------------------------+-----
Stealth        | 7 9 10 12 21 20 | 21.6
Unarmed Combat | 6 7 9 10 11 17 13 16 | 17.3
Dodging        | 7 9 11 12 | 12.1
Fighting       | 7 8 9 10 11 | 11.1

Action                     |  1- 3 |  4- 6 |  7- 9 | 10-12 || total
---------------------------+-------+-------+-------+-------++-------
  Melee: Unarmed           |     8 |    11 |    44 |    21 ||    84
         Bite              |     1 |     1 |     6 |     2 ||    10
         Punch             |       |     1 |     5 |     2 ||     8
 Invoke: Berserk           |       |     1 |     2 |     1 ||     4
         Trog's Hand       |       |     1 |     2 |     1 ||     4
    Use: Potion            |     1 |       |     3 |     5 ||     9
         Scroll            |       |       |       |     1 ||     1
   Stab: Sleeping          |       |       |     7 |    10 ||    17
         Invisible         |       |       |     3 |       ||     3
 Armour: Skin              |       |       |     2 |     1 ||     3
  Dodge: Dodged            |     3 |     4 |    37 |     9 ||    53
